cohdb
Replays
Latest Replays
All Replays
Popular Replays
Top Player Replays
Match Explorer
How It Works
Community
CoH3 Stats
Reddit
Sign in to upload your games and track your stats! →
Sign in with Steam
Match 32862115
Unlisted
Match 32862115
Overview
Messages
Build Orders
End
Pioneer Squad
Selects Italian Coastal Battlegroup
Selects Coastal Reserves
Coastal Reserve
Coastal Reserve
Coastal Reserve
Construct Infanterie Kompanie
MG 42 Machine Gun Team
Construct Luftwaffe Kompanie
Jäger Squad
221 Scout Car
Selects Support Bunkers
Selects Designated Artillery Overwatch
Medical Bunker
Jäger Squad
Support Elements
Wirbelwind Flakpanzer
Selects Artillery Officer
Selects Coastal Wall
Marder III M Tank Destroyer
Wirbelwind Flakpanzer
MG 42 Bunker
Artillery Officer
MG 42 Bunker
MG 42 Bunker
Selects Bulwark
Wirbelwind Flakpanzer
Designated Artillery Overwatch
Marder III M Tank Destroyer
Luftwaffe Officer Quarters
Marder III M Tank Destroyer
el campo
Доктор Гувер[POINTRUNNER]
MaXiS
KusseKarl
Zulu
Society is a Lie
0
0
Comments
sign in to comment!
No comments posted yet!